[Event "Early-Titled-Tuesday-Blitz-March-05-2024"]
[Site "Chess.com"]
[Date "2024.03.05"]
[Round "3"]
[White "Sina_Movahed"]
[Black "Rud_2008"]
[Result "1-0"]
[WhiteElo "3037"]
[BlackElo "2730"]
[TimeControl "180+1"]
[EndTime "8:31:28 PST"]
[Termination "Sina_Movahed won by resignation"]

1. Nf3 d5 2. c4 d4 3. b4 g5 4. Qa4+ c6 5. h3 Bg7 6. d3 h6 7. Nbd2 e5 8. g4 Ne7 9. Ne4 O-O 10. h4 f5 11. gxf5 g4 12. f6 Bxf6 13. Nxf6+ Rxf6 14. Rg1 Qd6 15. c5 Qc7 16. Nd2 Bf5 17. Bg2 Nd7 18.
Ne4 Bxe4 19. Bxe4 h5 20. Bg5 Rf7 21. f3 Nd5 22. Qb3 a5 23. fxg4 axb4 24. gxh5 Kh8 25. Bxd5 Nxc5 26. Bxf7 Nxb3 27. Bf6+ Kh7 28. Rg7+ Kh6 29.
Bxb3 Qc8 30. Kd2 Qf5 31. Rf7 Qf4+ 32. Kc2 Qg4 33. Bg5+ Kxh5 34. Kd2 e4 35. Raf1 e3+ 36. Kd1 Qg2 37. Rh7+ Kg4 38. Rh6 Kh3 39. Rf3+ Kh2 40.
Rg6 Re8 41. Bf4+ 1-0

[Event "Early-Titled-Tuesday-Blitz-March-05-2024"]
[Site "Chess.com"]
[Date "2024.03.05"]
[Round "3"]
[White "Matalon"]
[Black "Zq1"]
[Result "1-0"]
[WhiteElo "2486"]
[BlackElo "2624"]
[TimeControl "180+1"]
[EndTime "8:31:28 PST"]
[Termination "Matalon won on time"]

1. e4 c5 2. Nf3 d6 3. d4 cxd4 4.
Nxd4 Nf6 5. Nc3 Nc6 6. Bg5 e6 7. Qd2 Be7 8. O-O-O O-O 9. f4 h6 10. Bxf6 Bxf6 11. Nb3 e5 12. g3 Bg4 13. Be2 Bxe2 14. Qxe2 exf4 15. Nd5 f3 16. Qxf3 Be5 17. Rhf1 a5 18.
a4 Nb4 19. c3 Nxd5 20. Rxd5 b6 21. Nd2 Rc8 22. Qd3 Qe8 23. Rb5 Qc6 24. Nf3 Rfd8 25. Qd5 Qc4 26. Qxc4 Rxc4 27. Nxe5 dxe5 28. Rxe5 Rxa4 29.
Kc2 Kf8 30. Rf4 Ra1 31. Rb5 Rad1 32. Rxb6 R1d2+ 33. Kb3 Rxh2 34. Rb7 f6 35. e5 Rdd2 36. Ka3 Rhg2 37. exf6 gxf6 38. Rxf6+ Kg8 39. Rg6+ Kf8 40. Rxh6 Kg8 41. Rg6+ Kf8 42. Rg5 a4 43. Rg4 Rd1 44. Ka2 1-0

[Event "Early-Titled-Tuesday-Blitz-March-05-2024"]
[Site "Chess.com"]
[Date "2024.03.05"]
[Round "3"]
[White "MaxLeto"]
[Black "goldihouse"]
[Result "0-1"]
[WhiteElo "2478"]
[BlackElo "2664"]
[TimeControl "180+1"]
[EndTime "8:31:29 PST"]
[Termination "goldihouse won on time"]

1. g4 Nc6 2. Bg2 d5 3. h3 e5 4. d3 Be6 5. Nc3 Bc5 6. e4 Nge7 7.
Nf3 f6 8. Nh4 O-O 9. Nf5 Qd7 10.
Bd2 Rad8 11. Nxe7+ Nxe7 12. Qf3 c6 13. Qg3 Bd6 14.
O-O b5 15. a4 b4 16. Ne2 a5 17.
b3 Ng6 18. Kh1 Bc7 19. Be3 Rf7 20. f3 Qc8 21. h4 Rfd7 22. h5 Nf8 23. Bh3 h6 24.
Bg2 Qb7 25. f4 dxe4 26. Bxe4 Bd5 27. Qf3 Bxe4 28. Qxe4 Bd6 29. f5 Bc7 30. Rae1 Bb6 31. Ng3 Bxe3 32. Qxe3 Rd4 33. Ne4 Qe7 34. Re2 Nh7 35. Rg1 Qf7 36. Kh2 Qd5 37. Reg2 Ng5 38. Nxg5 hxg5 39. Re1 Kh7 40. Rge2 Rxg4 41. Qa7 Rh4+ 42.
Kg3 Qd4 43. Re4 Qxa7 44. Rxh4 gxh4+ 45. Kxh4 Qf2+ 0-1

[Event "Early-Titled-Tuesday-Blitz-March-05-2024"]
[Site "Chess.com"]
[Date "2024.03.05"]
[Round "3"]
[White "KanalSzachowy"]
[Black "AttackSparrow"]
[Result "0-1"]
[WhiteElo "2460"]
[BlackElo "2633"]
[TimeControl "180+1"]
[EndTime "8:31:29 PST"]
[Termination "AttackSparrow won by resignation"]

1. e4 e5 2. Nf3 Nc6 3. Bc4 Nf6 4. d4 exd4 5. e5 d5 6. Bb5 Ne4 7. Nxd4 Bc5 8. Bxc6+ bxc6 9. Be3 Ba6 10. Qg4 O-O 11.
Nd2 Nxd2 12. Nf5 g6 13. Bxc5 Ne4 14. Be7 Qc8 15. Nh6+ Kg7 16. Bf6+ Nxf6 17. exf6+ Kxf6 18. Qd4+ Kg5 19. Qg7 Qe8+ 20. Kd1 Qe2+ 21. Kc1 f5 22. h4+ Kf4 23. g3+ Kf3 24. Qc3+ Kg2 25. Rd1 Rae8 26. b3 Qe5 27. Qxe5 Rxe5 28. f4 Re2 29. Kb2 Kxg3 30.
Rg1+ Kxf4 31. Raf1+ Ke5 32. Re1 Rxe1 33. Rxe1+ Kf6 34.
h5 Kg5 35. hxg6 hxg6 36. Rh1 f4 37. Kc3 f3 38. Kd2 f2 0-1

[Event "Early-Titled-Tuesday-Blitz-March-05-2024"]
[Site "Chess.com"]
[Date "2024.03.05"]
[Round "3"]
[White "annamaja"]
[Black "SnekkerAndersen"]
[Result "0-1"]
[WhiteElo "2457"]
[BlackElo "2627"]
[TimeControl "180+1"]
[EndTime "8:31:29 PST"]
[Termination "SnekkerAndersen won by resignation"]

1. e4 d6 2. d4 Nf6 3. Nc3 e5 4. Nf3 exd4 5. Nxd4 Be7 6. Be2 O-O 7. O-O Re8 8. Re1 Bf8 9. Bf1 Nbd7 10. g3 c6 11. Bg2 a5 12. a4 Nc5 13. Bg5 h6 14.
Bf4 Qc7 15. h3 Nfd7 16. Nf5 Ne5 17. g4 Be6 18. b3 Rad8 19. Qd4 Bc8 20. Rad1 Ne6 21.
Qe3 Nxf4 22. Qxf4 Qb6 23. Kh1 Qc5 24. Re3 Ng6 25. Qg3 Qe5 26. Qf3 Qf6 27. Nxh6+ Kh7 28. Nxf7 Rd7 29. g5 Qxf7 30. Qh5+ Kg8 31. Rf3 Qe6 32.
h4 Ne5 33. Bh3 Qg6 34. Qxg6 Nxg6 35. Bxd7 Bxd7 36. h5 Ne5 37. Rg3 Bg4 38. Rf1 Bxh5 39. f4 Nd7 40. f5 Nc5 41. Rh3 g6 42. f6 Kf7 43. Rh4 Re5 44. Rhf4 Rxg5 45. Na2 Re5 46. Re1 g5 47. Rff1 Bg6 48. Nc3 Nxe4 49. Nxe4 Rxe4 50.
Kh2 d5 51. Kg3 Bd6+ 52. Kg2 Rxe1 53. Rxe1 Be4+ 54. Kf2 Kxf6 55. Ke2 Bxc2 56. Rf1+ Bf4 0-1

[Event "Early-Titled-Tuesday-Blitz-March-05-2024"]
[Site "Chess.com"]
[Date "2024.03.05"]
[Round "3"]
[White "aridannie"]
[Black "M1711"]
[Result "0-1"]
[WhiteElo "2375"]
[BlackElo "2597"]
[TimeControl "180+1"]
[EndTime "8:31:29 PST"]
[Termination "M1711 won on time"]

1. e4 c6 2. d4 d5 3. e5 Bf5 4. Nd2 e6 5. Nb3 Nd7 6. Nf3 a6 7. Be3 Rc8 8. Be2 c5 9. dxc5 Nxc5 10.
Nxc5 Bxc5 11. Bxc5 Rxc5 12. c3 Ne7 13. O-O O-O 14. Qd4 Rc8 15. Rfd1 h6 16. h3 Nc6 17. Qf4 Qc7 18. Qg3 Be4 19. Nd2 Qxe5 20. Qxe5 Nxe5 21. Nxe4 dxe4 22. Rd4 f5 23. Rad1 Kf7 24. f4 exf3 25.
Bxf3 Nxf3+ 26. gxf3 Rfe8 27. Rd7+ Re7 28. h4 Rc4 29.
R7d4 Rxd4 30. Rxd4 Kf6 31. Kf2 g5 32. hxg5+ hxg5 33. Rd6 Rh7 34. Ke3 Ke5 35. Rb6 Rd7 36. a4 Rg7 37. Rb4 g4 38. fxg4 fxg4 39. Kf2 g3+ 40. Kg2 Kf5 41. Rh4 e5 42. b4 e4 43.
Rh1 Kf4 44. Re1 Rd7 45. c4 Rd2+ 46. Kg1 e3 47. b5 e2 48. Kg2 Ke3 49. Kxg3 Rd1 50.
Rxe2+ Kxe2 0-1

[Event "Early-Titled-Tuesday-Blitz-March-05-2024"]
[Site "Chess.com"]
[Date "2024.03.05"]
[Round "3"]
[White "Viktor_Poddubnyi"]
[Black "Herzog2012"]
[Result "1-0"]
[WhiteElo "2282"]
[BlackElo "2495"]
[TimeControl "180+1"]
[EndTime "8:31:30 PST"]
[Termination "Viktor_Poddubnyi won on time"]

1. e4 c5 2. Nf3 d6 3. d4 cxd4 4. Nxd4 Nf6 5. Nc3 Nc6 6. Bc4 Qb6 7. Ndb5 a6 8. Be3 Qa5 9. Nd4 e6 10. O-O Be7 11. Bb3 O-O 12. f4 Bd7 13. f5 Nxd4 14.
Bxd4 e5 15. Be3 Bc6 16. Bg5 Rad8 17. Bxf6 Bxf6 18. Qf3 Qc5+ 19. Kh1 b5 20. Rad1 a5 21. a4 bxa4 22. Nxa4 Qb4 23. Nc3 a4 24. Bd5 Bb5 25. Nxb5 Qxb5 26. b3 a3 27. Ra1 Qc5 28. Qf2 Rc8 29. Qxc5 Rxc5 30. c4 Rb8 31. Rxa3 Bg5 32. Rfa1 g6 33. g4 gxf5 34. gxf5 Be3 35. Kg2 Bd4 36.
R1a2 Rc7 37. Kf3 Kg7 38. Ke2 Bc5 39. Ra8 1-0

[Event "Early-Titled-Tuesday-Blitz-March-05-2024"]
[Site "Chess.com"]
[Date "2024.03.05"]
[Round "3"]
[White "becemix"]
[Black "sathvikadiga"]
[Result "1-0"]
[WhiteElo "2449"]
[BlackElo "2583"]
[TimeControl "180+1"]
[EndTime "8:31:31 PST"]
[Termination "becemix won by checkmate"]

1. e4 e6 2. d4 d5 3. exd5 exd5 4. c4 Nf6 5. Nc3 c6 6. Be2 Bd6 7. c5 Bc7 8. Bg5 h6 9. Be3 Bf5 10. h3 b6 11. b4 a5 12. a3 O-O 13. Nf3 Ne4 14. Nxe4 dxe4 15. Ne5 axb4 16. axb4 Rxa1 17. Qxa1 bxc5 18. dxc5 Qf6 19. Bd4 Rd8 20. Bc3 Qg5 21. g4 Bxe5 22. Bxe5 Qd2+ 23. Kf1 Be6 24. Bxg7 Nd7 25.
Qc3 Qf4 26. Bd4 Kh7 27. Be3 Qc7 28. Kg2 Nf8 29. Qf6 Ng6 30. h4 Qe5 31. Qxd8 Bd5 32. Qd6 Qg7 33. h5 Ne5 34. Bxh6 e3+ 35. f3 Qxg4+ 36.
Kf1 Qg3 37. Bxe3 Bxf3 38. Bd3+ Kg8 39. Rg1 Bg2+ 40. Rxg2 Qxg2+ 41. Kxg2 Ng4 42. Qd8+ Kg7 43. Bd4+ f6 44. Qe7+ Kh6 45. Bxf6 Kxh5 46. Be2 Kh6 47. Qg7+ Kh5 48. Bxg4# 1-0

[Event "Early-Titled-Tuesday-Blitz-March-05-2024"]
[Site "Chess.com"]
[Date "2024.03.05"]
[Round "3"]
[White "ATM622"]
[Black "Hope_6"]
[Result "0-1"]
[WhiteElo "2543"]
[BlackElo "2827"]
[TimeControl "180+1"]
[EndTime "8:31:32 PST"]
[Termination "Hope_6 won by resignation"]

1. d4 d5 2. c4 e6 3. Nf3 Nf6 4. g3 Bb4+ 5. Bd2 Be7 6. cxd5 exd5 7. Bg2 O-O 8. O-O c6 9. Nc3 Bf5 10. Nh4 Be6 11. Qc2 Nbd7 12. f4 Nb6 13. b3 Re8 14.
Nf3 Qc8 15. Ne5 Bf5 16. Qd1 Ne4 17. Nxe4 Bxe4 18. Bxe4 dxe4 19. Qc2 Bf8 20. Ba5 Nd5 21. Bd2 f6 22. Nc4 Qd7 23. Ne3 Rad8 24. Rac1 Ba3 25.
Ra1 Bf8 26. Rac1 Qf7 27. Qc4 Nxe3 28. Bxe3 Rd5 29. a4 a6 30. b4 Red8 31. Rfd1 f5 32. a5 g6 33. Kf2 Bg7 34. Rd2 Rb5 35. Qxf7+ Kxf7 36. Rc4 Ke6 37. Rc5 Rxb4 38. d5+ Rxd5 39. Rdxd5 cxd5 40. Rc7 Bf6 41. Bc5 Rc4 42. e3 d4 43. Ke2 dxe3 44. Kxe3 Bd4+ 45. Bxd4 Rxc7 0-1

[Event "Early-Titled-Tuesday-Blitz-March-05-2024"]
[Site "Chess.com"]
[Date "2024.03.05"]
[Round "3"]
[White "Alonmindlin"]
[Black "stollenmonster"]
[Result "1/2-1/2"]
[WhiteElo "2667"]
[BlackElo "2897"]
[TimeControl "180+1"]
[EndTime "8:31:33 PST"]
[Termination "Game drawn - insufficient material"]

1. d4 Nf6 2. c4 e6 3. Nf3 d5 4.
Nc3 Ne4 5. Qc2 f5 6. g3 c6 7.
Bg2 Be7 8. O-O O-O 9. Rb1 Bd7 10. b4 Be8 11. b5 cxb5 12. Nxb5 Nc6 13. cxd5 exd5 14.
Bf4 Rc8 15. Qb2 Nb4 16. Nd6 Bxd6 17. Bxd6 Qxd6 18. Qxb4 Qxb4 19. Rxb4 b6 20. Rb2 Rc3 21. Ne5 Ba4 22. Rb4 b5 23. Nd7 Rfc8 24. Nc5 a5 25. Rb2 Nxc5 26. Bxd5+ Kf8 27. dxc5 R8xc5 28. Bb3 Bxb3 29. axb3 Rc1 30. Ra2 Rxf1+ 31. Kxf1 b4 32. Kg2 Ke7 33. Kf3 Kd6 34. Ke3 Kd5 35. Kd3 Rc3+ 36.
Kd2 Rxb3 37. Rxa5+ Kc4 38. Rxf5 Rb2+ 39. Ke3 b3 40. Rf4+ Kc3 41. Rf7 Rc2 42. Rxg7 b2 43. Rxh7 b1=Q 44. Rc7+ Kb2 45. Rb7+ Kc1 46. Rxb1+ Kxb1 47. f4 Kb2 48. f5 Kb3 49. Kd4 Rd2+ 50. Ke3 Rc2 51. Kf4 Kc4 52. e4 Kd4 53. h4 Rf2+ 54.
Kg5 Kxe4 55. g4 Ke5 56. Kg6 Rf4 57. g5 Rxf5 58. h5 Kf4 59. h6 Rxg5+ 60. Kf7 Rh5 61. Kg6 Rg5+ 62. Kf6 Rh5 63. Kg6 Rxh6+ 64. Kxh6 1/2-1/2

[Event "Early-Titled-Tuesday-Blitz-March-05-2024"]
[Site "Chess.com"]
[Date "2024.03.05"]
[Round "3"]
[White "Statham_01"]
[Black "Yushko_Olga"]
[Result "1-0"]
[WhiteElo "2531"]
[BlackElo "2206"]
[TimeControl "180+1"]
[EndTime "8:31:33 PST"]
[Termination "Statham_01 won by checkmate"]

1. e4 e6 2. d4 d5 3. Nc3 Nf6 4. e5 Nfd7 5. Nf3 c5 6. Bg5 Qb6 7. dxc5 Bxc5 8. Qd2 Nc6 9. Bd3 Ndxe5 10. Nxe5 Nxe5 11.
O-O Nxd3 12. Qxd3 O-O 13. Na4 Qc6 14. Nxc5 Qxc5 15. Qg3 Qd4 16. c3 Qe4 17. f4 Qg6 18. Qe3 Bd7 19. Rf3 Qe4 20. Qf2 h6 21. Re1 Qf5 22.
g4 Qg6 23. Be7 Rfe8 24. Bc5 Qxg4+ 25. Rg3 Qf5 26. Re5 Qb1+ 27. Re1 Qf5 28. Qg2 g6 29. Bd4 Bb5 30. h4 Kh7 31. Re5 Qxf4 32. Rf3 Qc1+ 33. Kh2 Re7 34. Rf6 Bd3 35. Be3 Qd1 36. h5 Qxh5+ 37. Rxh5 gxh5 38. Rxh6# 1-0

[Event "Early-Titled-Tuesday-Blitz-March-05-2024"]
[Site "Chess.com"]
[Date "2024.03.05"]
[Round "3"]
[White "Bekkedahl"]
[Black "ARMQUEEN"]
[Result "0-1"]
[WhiteElo "2181"]
[BlackElo "2411"]
[TimeControl "180+1"]
[EndTime "8:31:33 PST"]
[Termination "ARMQUEEN won by resignation"]

1. e4 c5 2. Nf3 Nc6 3. Bb5 g6 4. O-O Bg7 5. c3 d6 6. d4 cxd4 7. cxd4 Nf6 8. Nc3 O-O 9. Bg5 Bg4 10. Bxc6 bxc6 11. h3 Bd7 12. Qd2 Rb8 13. Rad1 Qb6 14. e5 Nd5 15. Nxd5 cxd5 16. Bxe7 Rfc8 17. Bxd6 Rb7 18. b3 Bf5 19. Rc1 Rd8 20. Rc5 h5 21. Rxd5 Be4 22. Bc5 Qc7 23. Rxd8+ Qxd8 24. Qf4 Bd5 25. Rc1 a5 26. Nd2 Kh7 27. Ne4 Bh6 28. Nf6+ Kg7 29. Nxd5 Bxf4 30. Nxf4 Qg5 31. g3 h4 32. Kg2 hxg3 33. fxg3 Qf5 34. Re1 g5 35. Ne2 Qe4+ 36. Kf2 a4 37. b4 a3 38. Rc1 Qd5 39.
Rc2 f6 40. exf6+ Kxf6 41. g4 Kg6 42. Ng3 Rf7+ 43. Nf5 Rxf5+ 44. gxf5+ Qxf5+ 45. Ke3 Qxc2 46. d5 Qxa2 47. d6 Qe6+ 48. Kd3 a2 49. Bd4 Qxd6 50.
Kc4 Qxd4+ 51. Kxd4 a1=Q+ 52. Kc5 Kh5 53. b5 Kh4 0-1

[Event "Early-Titled-Tuesday-Blitz-March-05-2024"]
[Site "Chess.com"]
[Date "2024.03.05"]
[Round "3"]
[White "isaak2009"]
[Black "almaguerjm"]
[Result "1-0"]
[WhiteElo "2756"]
[BlackElo "2463"]
[TimeControl "180+1"]
[EndTime "8:31:34 PST"]
[Termination "isaak2009 won by resignation"]

1. Nf3 Nf6 2. g3 d5 3. Bg2 h6 4. O-O Bf5 5. d3 e6 6. c4 c6 7.
Qb3 Qb6 8. Nc3 Nbd7 9. Be3 Bc5 10. Qxb6 Bxb6 11. cxd5 exd5 12. Bxb6 Nxb6 13. e4 Be6 14.
Nd4 O-O-O 15. Nxe6 fxe6 16. e5 Nfd7 17. f4 g6 18. Ne2 c5 19. Rac1 Kb8 20. h3 Na8 21.
Kh2 Nc7 22. Ng1 b6 23. Nf3 Rhg8 24. h4 a6 25. Bh3 Rde8 26. a3 Kb7 27. Rf2 Nb8 28.
Bg4 Nc6 29. h5 gxh5 30. Bxh5 Re7 31. Nh4 Reg7 32. Rg2 Nd4 33. Rf1 b5 34. Bd1 c4 35.
dxc4 bxc4 36. f5 exf5 37. Nxf5 Nxf5 38. Rxf5 Rg5 39. g4 Ne6 40. Bf3 Kc6 41. Rf6 Rxe5 42.
Rd2 Re8 43. Rxh6 Kc5 44. Kg3 Nd4 45. Rh5 Re3 46. Rxd5+ Kb6 47. R2xd4 Rf8 48. Rf5 Rc8 49. Rd6+ 1-0

[Event "Early-Titled-Tuesday-Blitz-March-05-2024"]
[Site "Chess.com"]
[Date "2024.03.05"]
[Round "3"]
[White "chezzgirl04"]
[Black "GlavkonVVS"]
[Result "0-1"]
[WhiteElo "2117"]
[BlackElo "2527"]
[TimeControl "180+1"]
[EndTime "8:31:34 PST"]
[Termination "GlavkonVVS won by checkmate"]

1. e4 Nf6 2. e5 Nd5 3. d4 d6 4. c4 Nb6 5. f4 dxe5 6. fxe5 c5 7.
d5 g6 8. Nf3 Bg4 9. Nc3 Bg7 10.
Bf4 O-O 11. h3 Bxf3 12. Qxf3 e6 13. O-O-O N8d7 14. Qe3 exd5 15. Nxd5 Nxd5 16. Rxd5 Qe7 17. Be2 Rfe8 18. Rhd1 Nxe5 19. Qxc5 Qxc5 20. Rxc5 b6 21. Rc7 Rac8 22. Rxa7 Nxc4 23. Bg4 f5 24. Bf3 Nxb2+ 25. Kb1 Nxd1 26. Bxd1 Re1 27. Rd7 Rc4 28. Bg3 Rg1 29. Rd8+ Kf7 30. Bf2 Rf1 31. Rd7+ Ke8 32. Rd2 Bh6 33.
Re2+ Kf7 34. Be1 Rc1+ 35. Kb2 Rxd1 36. Bc3 Rd7 37. Rc2 Bg7 38. Bxg7 Kxg7 39. Rc6 Rf2+ 40.
Kb3 Rxg2 41. Rxb6 f4 42. a4 f3 43. a5 f2 44. a6 f1=Q 45. a7 Qb1+ 46. Kc4 Rc2# 0-1

[Event "Early-Titled-Tuesday-Blitz-March-05-2024"]
[Site "Chess.com"]
[Date "2024.03.05"]
[Round "3"]
[White "Salem-AR"]
[Black "FREDERICKtheMATE"]
[Result "1-0"]
[WhiteElo "3033"]
[BlackElo "2721"]
[TimeControl "180+1"]
[EndTime "8:31:35 PST"]
[Termination "Salem-AR won by resignation"]

1. d4 d5 2. Nf3 Nf6 3. Bf4 c5 4.
e3 Nc6 5. Nbd2 Qb6 6. dxc5 Qxb2 7. Bd3 e6 8. O-O Bxc5 9. c4 Qb6 10. cxd5 Nxd5 11. Nc4 Qd8 12. Bg5 Be7 13. Bxe7 Qxe7 14. Be4 Nf6 15. Bxc6+ bxc6 16. Nfe5 O-O 17. Nxc6 Qc5 18.
N4e5 Ba6 19. Rc1 Qa3 20. Re1 Rfc8 21. Qd4 Bb7 22. Rc3 Qf8 23. e4 Bxc6 24. Nxc6 Qe8 25. Rec1 Rc7 26. Qe5 Rd7 27. Rg3 Kh8 28. Rxg7 Kxg7 29.
Qg5+ Kh8 30. Qxf6+ Kg8 31. h4 Rd3 32. Rc5 h6 33. Qxh6 f5 34. Ne5 Rd1+ 35. Kh2 Qe7 36. Rc3 f4 37. Qxf4 Kh7 38. Qg4 Qe8 39. Qxd1 1-0

[Event "Early-Titled-Tuesday-Blitz-March-05-2024"]
[Site "Chess.com"]
[Date "2024.03.05"]
[Round "3"]
[White "RedFirePanda"]
[Black "AEMEffi"]
[Result "1-0"]
[WhiteElo "2552"]
[BlackElo "2324"]
[TimeControl "180+1"]
[EndTime "8:31:35 PST"]
[Termination "RedFirePanda won on time"]

1. d4 Nf6 2. Bf4 b6 3. e3 Bb7 4. Nf3 e6 5. h3 c5 6. c3 Be7 7. Bd3 Ne4 8. O-O f5 9. Nbd2 O-O 10. Ne5 d6 11. Nef3 Qe8 12. Bxe4 fxe4 13. Ng5 Bxg5 14. Bxg5 Nd7 15. Qg4 Qg6 16. Be7 Qxg4 17.
hxg4 Rfc8 18. Bxd6 g5 19. Rad1 Nf6 20. f3 cxd4 21.
cxd4 Rc2 22. Ba3 Rac8 23. Rf2 Bd5 24. Rdf1 exf3 25. gxf3 Bxa2 26. Kg2 Nd5 27. Re1 h6 28. Kg3 Kg7 29. Ne4 Rxf2 30. Nxf2 Rc2 31. Nd3 Bc4 32.
Ne5 Bb5 33. f4 gxf4+ 34. exf4 Nf6 35. g5 Nh5+ 36. Kg4 hxg5 37. fxg5 Rh2 38. Nf3 1-0

[Event "Early-Titled-Tuesday-Blitz-March-05-2024"]
[Site "Chess.com"]
[Date "2024.03.05"]
[Round "3"]
[White "subham777"]
[Black "rikchessmx"]
[Result "1-0"]
[WhiteElo "2536"]
[BlackElo "2277"]
[TimeControl "180+1"]
[EndTime "8:31:36 PST"]
[Termination "subham777 won on time"]

1. e4 e5 2. Nf3 Nc6 3. Bc4 Bc5 4. c3 Qf6 5. d3 d6 6. a4 a6 7. Nbd2 Nge7 8. Nf1 h6 9. Ng3 Bg4 10. h3 Bxf3 11. gxf3 g6 12. b4 Ba7 13. Qe2 Kf8 14.
Be3 Kg7 15. Rg1 Kh7 16. Kd2 Bxe3+ 17. fxe3 Rhf8 18. h4 Rad8 19. h5 d5 20. exd5 Nxd5 21.
Ne4 Qf5 22. hxg6+ fxg6 23. Qh2 Nf6 24. Ng5+ Kg7 25. Ne6+ Kh7 26. Nxf8+ Rxf8 27. Raf1 Rd8 28. e4 Qf4+ 29. Qxf4 exf4 30. d4 Ne5 31. Bb3 g5 32. Ke2 Ng6 33. Bc2 Kg7 34. Rh1 b6 35. Rfg1 Ne7 36.
d5 a5 37. bxa5 bxa5 38. Rb1 Nd7 39. Rb7 Rc8 40. Rhb1 Ne5 41. d6 N7g6 42. Rxc7+ 1-0

[Event "Early-Titled-Tuesday-Blitz-March-05-2024"]
[Site "Chess.com"]
[Date "2024.03.05"]
[Round "3"]
[White "cristiano78"]
[Black "Herman-NY"]
[Result "1-0"]
[WhiteElo "2269"]
[BlackElo "2518"]
[TimeControl "180+1"]
[EndTime "8:31:37 PST"]
[Termination "cristiano78 won by resignation"]

1. d4 Nf6 2. c4 g6 3. Nf3 Bg7 4. Nc3 O-O 5. e4 d6 6. Be2 Nbd7 7. O-O e5 8. d5 Nc5 9. Nd2 a5 10. b3 Nh5 11. Bxh5 gxh5 12. Qxh5 f5 13. exf5 Bxf5 14.
Nf3 Qd7 15. Ng5 h6 16. Ne6 Nxe6 17. dxe6 Qxe6 18. Nd5 Rf7 19. Ne3 Bg6 20. Qh4 Rf4 21.
Qg3 Raf8 22. Nd5 R4f7 23. Bb2 c6 24. Ne3 d5 25. cxd5 cxd5 26. Rad1 d4 27. Nc4 Rf4 28. f3 a4 29. Rfe1 axb3 30. axb3 R4f5 31. Bxd4 Rg5 32.
Qf2 Qh3 33. Bxe5 Rxf3 34. Qd2 Rg4 35. Bxg7 Kxg7 36. Re7+ Bf7 37. Rxf7+ Rxf7 38. Ne5 Qh4 39. Nxf7 Kxf7 40. Rf1+ Kg6 41. Qd6+ Kh5 42. Qd7 Rg5 43. Qf7+ Rg6 44. Rf5+ 1-0

[Event "Early-Titled-Tuesday-Blitz-March-05-2024"]
[Site "Chess.com"]
[Date "2024.03.05"]
[Round "3"]
[White "NikoTheodorou"]
[Black "Abund"]
[Result "1-0"]
[WhiteElo "3069"]
[BlackElo "2749"]
[TimeControl "180+1"]
[EndTime "8:31:38 PST"]
[Termination "NikoTheodorou won by resignation"]

1. Nf3 d5 2. g3 c5 3. Bg2 Nc6 4. O-O e5 5. d3 Be7 6. Na3 Be6 7. c3 h5 8. h4 Nh6 9. Ng5 Bc8 10. Nc2 f6 11. Nh3 Be6 12. e4 Bg4 13. f3 Be6 14.
Ne3 d4 15. Nd5 Bxd5 16. exd5 Qxd5 17. f4 Qd6 18. Qxh5+ Kd7 19. fxe5 fxe5 20. Nf2 Raf8 21.
Bd2 Kc7 22. Rae1 a6 23. Ne4 Qd7 24. Qg6 Qg4 25. Qxg4 Nxg4 26. c4 Nf6 27. Ng5 Nd8 28. Rxe5 Bd6 29. Ref5 Bxg3 30. Rxc5+ Kb8 31. Bf4+ Bxf4 32.
Rxf4 Nd7 33. Rxf8 Rxf8 34. Rd5 Kc7 35. Rxd4 Ne5 36. Rxd8 Rxd8 37. Ne6+ Kd7 38. Nxd8 Kxd8 39. Bxb7 a5 40. Be4 Ke7 41. Kf2 Kd6 42. Ke3 Kc5 43. d4+ 1-0

[Event "Early-Titled-Tuesday-Blitz-March-05-2024"]
[Site "Chess.com"]
[Date "2024.03.05"]
[Round "3"]
[White "enriquebutti"]
[Black "rdarruda"]
[Result "1-0"]
[WhiteElo "2186"]
[BlackElo "2513"]
[TimeControl "180+1"]
[EndTime "8:31:38 PST"]
[Termination "enriquebutti won by resignation"]

1. d4 Nf6 2. Nf3 e6 3. e3 d5 4.
Bd3 c5 5. b3 Nc6 6. O-O Bd6 7. Bb2 O-O 8. Nbd2 b6 9. a3 Bb7 10. Ne5 Qe7 11. f4 Nd7 12. Qh5 g6 13. Qh6 f6 14. Nxd7 Qxd7 15. Rf3 cxd4 16. exd4 Qg7 17. Qh3 Bc8 18. Raf1 e5 19. f5 e4 20. Nxe4 dxe4 21. Bxe4 Bd7 22. Bd5+ Kh8 23. Be6 Rae8 24. d5 Ne5 25. Bxe5 Bxe5 26. fxg6 Bxe6 27. dxe6 Qxg6 28.
Rd3 Re7 29. Rd7 Rfe8 30. Rxe7 Rxe7 31. Rd1 Qe8 32. Rd7 a5 33. Qf5 Rxd7 34. exd7 Qe7 35. g3 Qd6 36. Kg2 Kg7 37. Kh3 Kf8 38. Qxh7 Qe6+ 39. Kh4 Bc7 40. Qh8+ Ke7 41. Qe8+ Kd6 42. d8=Q+ Bxd8 43. Qxd8+ Kc6 44. Qd4 Kb7 45. Qc4 Qe7 46.
Qd5+ Ka6 47. Kg4 Qg7+ 48. Kf3 Qg6 49. Qd3+ 1-0

[Event "Early-Titled-Tuesday-Blitz-March-05-2024"]
[Site "Chess.com"]
[Date "2024.03.05"]
[Round "3"]
[White "matagordo"]
[Black "Manukyan_Artak"]
[Result "0-1"]
[WhiteElo "2228"]
[BlackElo "2532"]
[TimeControl "180+1"]
[EndTime "8:31:39 PST"]
[Termination "Manukyan_Artak won on time"]

1. d4 d5 2. Bf4 c5 3. e3 Qb6 4.
Nc3 e6 5. Nf3 c4 6. Qd2 Bb4 7. a3 Ba5 8. Rb1 Nf6 9. b4 cxb3 10. Rxb3 Qd8 11. Bd3 O-O 12. O-O Nc6 13. Qc1 Nh5 14. Bg5 f6 15. Bh4 g5 16. Bg3 a6 17.
Qb2 b5 18. e4 Nxg3 19. hxg3 g4 20. exd5 exd5 21. Nh4 Nxd4 22. Ne2 Nxb3 23. cxb3 Bb6 24. Qb1 f5 25. Nf4 Qg5 26. Rd1 Ra7 27. Nxd5 Bd8 28.
Nf4 Kh8 29. a4 b4 30. Bc4 Rd7 31. Re1 Re7 32. Rd1 Bc7 33. Ne2 Rd8 34. Nd4 Be5 35. Nc6 Rxd1+ 36. Qxd1 Re8 37. Nxe5 Rxe5 38. Qd4 Qf6 39.
Kh2 Kg7 40. Qa7+ Re7 41. Qb8 Be6 42. Qd6 Bxc4 43. Qf4 Be6 0-1

[Event "Early-Titled-Tuesday-Blitz-March-05-2024"]
[Site "Chess.com"]
[Date "2024.03.05"]
[Round "3"]
[White "erlesfar"]
[Black "Mariia89"]
[Result "0-1"]
[WhiteElo "2452"]
[BlackElo "2271"]
[TimeControl "180+1"]
[EndTime "8:31:39 PST"]
[Termination "Mariia89 won by checkmate"]

1. e4 c6 2. d4 d5 3. Nc3 dxe4 4. Nxe4 Nf6 5. Ng5 c5 6. Bb5+ Bd7 7. Bxd7+ Qxd7 8.
dxc5 Qxd1+ 9. Kxd1 Nc6 10. N1f3 h6 11. Nh3 O-O-O+ 12. Ke2 e5 13. Be3 g5 14. Rad1 g4 15. Nfg5 gxh3 16. Nxf7 Rxd1 17. Rxd1 Rh7 18. Nd6+ Bxd6 19.
Rxd6 hxg2 20. f3 Nh5 21. Rg6 Nf4+ 22. Bxf4 exf4 23. Rg8+ Kc7 24. Rxg2 Re7+ 25. Kd3 Re3+ 26. Kc4 Ne5+ 27. Kd5 Nxf3 28. Rg7+ Kc8 29. Rg8+ Kd7 30. Rg7+ Re7 31. Rg8 Rf7 32. Rg2 Ng5 33. h4 f3 34.
Rf2 Nh3 35. Rf1 f2 36. Kd4 Ke6 37. Ke3 Ke5 38. c4 Rf4 39. Kd3 Rf3+ 40. Ke2 Ke4 41. b4 Re3+ 42. Kd2 Kf3 43. b5 Re2+ 44. Kd3 Re1 45.
c6 bxc6 46. bxc6 Re8 47. c7 Rc8 48. Rh1 Kg2 49. Rb1 f1=Q+ 50. Rxf1 Kxf1 51. c5 Rxc7 52. Kc4 Nf4 53. Kb5 Ne6 54. c6 Kf2 55. a4 Kg3 56. a5 Kxh4 57. Ka6 Kg5 58. Kb5 h5 59. Ka6 h4 60. Kb5 h3 61. Ka6 h2 62. Kb5 h1=Q 63.
Ka4 Qxc6+ 64. Kb4 Rb7+ 65. Ka3 Qb5 66. Ka2 Qxa5# 0-1

[Event "Early-Titled-Tuesday-Blitz-March-05-2024"]
[Site "Chess.com"]
[Date "2024.03.05"]
[Round "3"]
[White "AdrianaPalao"]
[Black "ClauSanLuis"]
[Result "1-0"]
[WhiteElo "1972"]
[BlackElo "2275"]
[TimeControl "180+1"]
[EndTime "8:31:39 PST"]
[Termination "AdrianaPalao won on time"]

1. e4 c5 2. Nf3 Nc6 3. d4 cxd4 4.
Nxd4 g6 5. Nc3 Bg7 6. Be3 Nf6 7. Bc4 O-O 8. Bb3 d6 9. f3 Na5 10. Qd2 Nxb3 11. Nxb3 a6 12. Bh6 b5 13. Bxg7 Kxg7 14. g4 b4 15. Ne2 a5 16. h4 h5 17. gxh5 Nxh5 18. O-O-O Be6 19. Kb1 Bxb3 20. cxb3 Qb6 21. f4 a4 22. bxa4 b3 23. a3 Rxa4 24. Qc3+ f6 25. Rd4 Rfa8 26. Rxa4 Rxa4 27. e5 Nxf4 28. exf6+ exf6 29. Nxf4 Rxf4 30. h5 Rg4 31. h6+ Kh7 32. Qe1 Qc7 33. Qe2 Rg5 34. Qf2 Rc5 35. Qxf6 Qb7 36.
Re1 Rc7 37. Qg5 d5 38. Re6 1-0